 Dungeon Crawl Stone Soup version 0.28.0-45-g0d030f2227 (webtiles) character file.

Game seed: 17176136628395448529

133 McKennaii the Conjurer (level 4, -2/30 HPs)
             Began as a Demonspawn Conjurer on Apr 8, 2022.
             Slain by a goblin
             ... wielding a +0 dagger
              (4 damage)
             ... on level 4 of the Dungeon.
             The game lasted 00:02:51 (3196 turns).

McKennaii the Conjurer (Demonspawn Conjurer)        Turns: 3196, Time: 00:02:52

Health: -2/30      AC:  2    Str:  7    XL:     4   Next: 93%
Magic:  4/9        EV: 12    Int: 21    God:
Gold:   156        SH:  0    Dex: 12    Spells: 7/10 levels left

rFire   + . .      SeeInvis .   e - staff of fire
rCold   . . .      Faith    .   (no shield)
rNeg    . . .      Spirit   .   a - +0 robe
rPois   .          Reflect  .   (helmet restricted)
rElec   .          Harm     .   (no cloak)
rCorr   .          Rampage  .   (no gloves)
Will    .....                   (no boots)
Stlth   ++........              (no amulet)
HPRegen 0.10/turn               (no ring)
MPRegen 0.22/turn               (no ring)

@: no status effects
A: horns 2, magic regeneration
a: no special abilities


You were on level 4 of the Dungeon.
You visited 1 branch of the dungeon, and saw 4 of its levels.

You collected 211 gold pieces.
You spent 55 gold pieces at shops.

Inventory:

Hand Weapons
 m - a +1 short sword of electrocution
Armour
 a - a +0 robe (worn)
Magical Staves
 e - a staff of fire (weapon)
Jewellery
 j - a ring of fire
Scrolls
 c - 4 scrolls of identify
Potions
 d - 2 potions of berserk rage
 f - 2 potions of brilliance {unknown}
 g - a potion of invisibility {unknown}
 h - a potion of mutation {unknown}
 i - a potion of might {unknown}
 k - a potion of attraction {unknown}
 l - a potion of haste
 p - 2 potions of flight {unknown}


   Skills:
 - Level 1.7 Dodging
 - Level 1.7 Stealth
 + Level 3.6 Spellcasting
 + Level 5.2 Conjurations


You had 7 spell levels left.
You knew the following spells:

 Your Spells              Type           Power      Damage    Failure   Level
a - Magic Dart            Conj           100%       1d8       1%          1
b - Searing Ray           Conj           50%        2d6       2%          2

Your spell library contained the following spells:

 Spells                   Type           Power      Damage    Failure   Level
 Freeze                   Ice            12%        1d4       13%         1
 Dazzling Flash           Conj/Hex       28%        N/A       13%         3
 Frozen Ramparts          Ice            6%         1d2       36%         3
 Fulminant Prism          Conj/Hex       7%         3d7       38%         4
 Hailstorm                Conj/Ice       14%        3d5       38%         4
 Iskenderun's Mystic Bla  Conj/Tloc      14%        2d5       38%         4


Dungeon Overview and Level Annotations

Branches:
Dungeon (4/15)
 Temple: D:4-7

Altars:
Cheibriados

Shops:
D:4 **


Innate Abilities, Weirdness & Mutations

You have a pair of horns on your head.
You regenerate magic rapidly.


Message History

You kill the hobgoblin!
Your surroundings suddenly seem different.
A goblin comes into view. It is wielding a +0 club.
The goblin shouts!
Found 5 boomerangs.
A hobgoblin comes into view.
A hobgoblin comes into view.
Found a whip and a bubbling golden potion.
The hobgoblin shouts!
The goblin barely misses you.
A goblin comes into view.
It is wielding a +0 club and quivering poisoned darts.
A gnoll and a goblin come into view.
The gnoll shouts!
The goblin shouts!
You hear a shout!
The goblin misses you.
A goblin comes into view. It is wielding a +0 club.
A goblin comes into view. It is wielding a +0 dagger.
A kobold comes into view. It is wielding a +0 dagger.
The goblin hits you with a +0 dagger.
* * * LOW HITPOINT WARNING * * *
The goblin closely misses you.
You hit the gnoll.
The gnoll is lightly wounded.
An orc comes into view. It is wielding a +0 short sword.
The goblin closely misses you. The goblin hits you but does no damage.
The goblin hits you with a +0 dagger.
* * * LOW HITPOINT WARNING * * *
The gnoll barely misses you.
Okay, then.
You feel better. The goblin barely misses you.
The goblin hits you with a +0 dagger.
* * * LOW HITPOINT WARNING * * *
The goblin closely misses you. The gnoll hits you with a +0 flail.
* * * LOW HITPOINT WARNING * * *
As you read the scroll labelled DELYSK PI UPP, it crumbles to dust.
The creatures around you are filled with an inner flame!
It was a scroll of immolation.
The goblin closely misses you. The goblin hits you with a +0 dagger.
* * * LOW HITPOINT WARNING * * *
The goblin hits you with a +0 dagger.
You die...

#g ... #..# ####
.P. ..#.
####..####..# .'.
#.. ..#..#'#
#..#..##'#..'. ..
##'#'##..##o# #.
#(.'...ggg.g#### #.
###
#).#.#'###gg@gg# #.
..
#.#####.#!..####g.#
##. ..#
#.#..#.o#...#
..'..#..## ...#
#.#.)#.g#...#
..#..#...##...#
#.##)##.##g## K##
##P..##>..##
#.#..gg..#.. .'
#......[...
#.#.g!#..#.. .#
#..#.#.####
#.######.#### .#
##.#<#.# [
#...').'....#
#.....###.


You could see a gnoll (inner flame), an orc (inner flame), 2 hobgoblins, 6
goblins and a kobold (inner flame).

Vanquished Creatures
  An iron imp (D:3)
  A gnoll (D:4)
  4 adders
  A worm (D:3)
  7 orcs
  2 bats
  2 endoplasms
  3 giant cockroaches
  3 goblins
  7 hobgoblins
  2 quokkas
  2 ball pythons (D:2)
  2 frilled lizards
  10 kobolds
  5 rats
52 creatures vanquished.

Vanquished Creatures (others)
  A plant (D:4)
1 creature vanquished.

Grand Total: 53 creatures vanquished

Notes
Turn   | Place    | Note
-------+----------+-------------------------------------------
     0 | D:1      | McKennaii the Demonspawn Conjurer began the quest for the
                  | Orb.
     0 | D:1      | Reached XP level 1. HP: 13/13 MP: 3/3
    91 | D:1      | Found a faded altar of an unknown god.
   698 | D:1      | Gained mutation: You have a pair of small horns on your
                  | head. [demonic ancestry]
   698 | D:1      | Reached XP level 2. HP: 14/19 MP: 0/5
  1890 | D:2      | Gained mutation: You regenerate magic rapidly. [demonic
                  | ancestry]
  1890 | D:2      | Reached XP level 3. HP: 6/24 MP: 0/7
  2680 | D:3      | Gained mutation: You have a pair of horns on your head.
                  | [demonic ancestry]
  2680 | D:3      | Reached XP level 4. HP: 30/30 MP: 3/8
  2801 | D:3      | Found a snail-covered altar of Cheibriados.
  2980 | D:3      | Reached skill level 5 in Conjurations
  3056 | D:4      | Found Miremopp's Specific Store.
  3061 | D:4      | Learned a level 2 spell: Searing Ray
  3073 | D:4      | Found Lemix's General Store.
  3087 | D:4      | Bought a potion of curing for 33 gold pieces
  3087 | D:4      | Bought a scroll of identify for 22 gold pieces
  3196 | D:4      | Slain by a goblin

Illustrated notes

Levels and vault maps discovered:
D:1:      shiori_arrival_elements, layout_loops_ring,
          shapermc_ecumenical_altar_totnotflames, minmay_tetromino_s4
D:2:      layout_rooms
D:3:      layout_rooms, chei_slow_surprise
D:4:      corexii_shantytown, layout_basic, tgw_trog,
          nicolae_sif_muna_little_library, overflow_temple_1_default,
          chequers_serial_rivers_large_a, nicolae_specific_store,
          minmay_manual_moon, uniq_eustachio, uniq_duvessa

Skill      XL: |  1  2  3  4 |
---------------+-------------+-----
Spellcasting   | 3 |  3.6
Conjurations   | 5 |  5.2
Dodging        | |  1.7
Stealth        | |  1.7

Action                   |  1- 3 |  4- 6 || total
-------------------------+-------+-------++-------
Melee: Staff             |    17 |    17 ||    34
       Headbutt          |     2 |     3 ||     5
 Cast: Magic Dart        |    76 |    31 ||   107
  Use: Scroll            |       |     5 ||     5
       Potion            |       |     1 ||     1
Armor: Robe              |     1 |     7 ||     8
Dodge: Dodged            |    19 |    28 ||    47
